cohdb
Replays
Latest Replays
All Replays
Popular Replays
Top Player Replays
Match Explorer
How It Works
Community
CoH3 Stats
Reddit
Sign in to upload your games and track your stats! →
Sign in with Steam
Match 40241928
Unlisted
Match 40241928
Overview
Messages
Build Orders
End
Scout Squad
Construct Barracks
Selects Armored Battlegroup
1⁄4-ton 4x4 Truck
Selects Veteran Crews
Riflemen Squad
Riflemen Squad
Grenade Package
Riflemen Squad
Air Support Center
Grasshopper Recon Run
Construct Motor Pool
M8 Greyhound Armored Car
Grasshopper Recon Run
P-47 Dive Bomb
J3WN1AL8T0R
REGULATOR
0
0
Comments
sign in to comment!
No comments posted yet!